 Dungeon Crawl Stone Soup version 0.30-a0-1114-gd936c97349 (webtiles) character file.

Game seed: 627886639416402128

30 NateTC the Trooper (level 3, -1/24 HPs)
             Began as a Gargoyle Fighter on Apr 20, 2023.
             Killed from afar by an orc wizard (6 damage)
             ... with a magic dart
             ... on level 2 of the Dungeon.
             The game lasted 00:01:22 (1108 turns).

NateTC the Trooper (Gargoyle Fighter)               Turns: 1108, Time: 00:01:22

Health: -1/24      AC: 11    Str: 21    XL:     3   Next: 20%
Magic:  3/3        EV:  9    Int:  8    God:
Gold:   83         SH:  0    Dex:  9    Spells: 2/2 levels left

rFire   . . .      SeeInvis .    a - +0 flail
rCold   . . .      Faith    .    c - +0 buckler
rNeg    + . .      Spirit   .    b - +0 scale mail
rPois   ∞          Reflect  .    (no helmet)
rElec   +          Rampage  .    (no cloak)
rCorr   .                        k - +0 pair of gloves
Will    .....                    (no boots) Stlth
                                 (no amulet)
HPRegen 0.24/turn                (no ring)
MPRegen 0.08/turn                (no ring)

@: confused
A: sickness immunity, AC +3, negative energy resistance 1, electricity
resistance, torment resistance 1, petrification resistance
a: no special abilities


You were on level 2 of the Dungeon.
You visited 1 branch of the dungeon, and saw 2 of its levels.

You collected 83 gold pieces.

Inventory:

Hand Weapons
 a - a +0 flail (weapon)
Armour
 b - a +0 scale mail (worn)
 c - a +0 buckler (worn)
 k - a +0 pair of gloves (worn)
Jewellery
 f - a ring of resist corrosion
Scrolls
 j - a scroll of teleportation {unknown}
Potions
 d - 2 potions of might
 e - a potion of mutation
 g - 5 potions of curing {unknown}
 h - a potion of haste {unknown}
 i - a potion of attraction {unknown}


   Skills:
 * Level 4.0 Fighting
 - Level 2.0 Maces & Flails
 + Level 3.6 Armour
 + Level 3.7 Shields


You had 2 spell levels left.
You didn't know any spells.
Your spell library was empty.

Dungeon Overview and Level Annotations

Branches:
Dungeon (2/15) Zot: 10868

Altars:


Innate Abilities, Weirdness & Mutations

You are immune to sickness and miasma.
Your stone body is resilient. (AC +3)
You are immune to poison.
You resist negative energy. (rN+)
You are resistant to electric shocks. (rElec)
You are resistant to unholy torment.
You are immune to petrification.


Message History

You are confused.
Things that are here:
a +0 club; a +0 ring mail; an orc corpse The orc wizard attacks as you move away!
The orc wizard hits you but does no damage.
Something hits you but does no damage. The orc misses you.
You closely miss the orc. The orc hits you but does no damage.
The orc wizard hits you with a +0 dagger.
Something hits you. The orc hits you but does no damage.
You closely miss something. Something hits you but does no damage.
The orc hits you but does no damage.
The orc wizard hits you with a +0 dagger.
You bump into the rock wall.
You feel less confused. Something hits you.
The orc wizard gestures wildly while chanting.
The orc wizard flickers and vanishes!
The orc hits you with a +0 dagger.
* * * LOW HITPOINT WARNING * * *
You hit the orc but do no damage. The orc hits you with a +0 dagger.
* * * LOW HITPOINT WARNING * * *
Something hits you but does no damage. x2
You closely miss something.
You hear some strange, mumbled words.
You are confused.
The orc hits you but does no damage.
Something hits you but does no damage. x2
The orc hits you but does no damage. Something hits you but does no damage.
You bump into the rock wall.
Something hits you but does no damage. x2
The orc barely misses you.
You closely miss something. The orc hits you but does no damage.
You hear some strange, mumbled words.
Something tries to affect you, but you resist.
Something hits you but does no damage.
You miss something. The orc closely misses you.
Something hits you but does no damage. x2
You bump into the rock wall.
You hear some strange, mumbled words.
A magic dart appears from out of thin air!
The magic dart hits you.
You die...

##.## #...# ### #.####.
#...# #.. ...#... #...#
#.# #....# #...#
#.####.... #...#
#.##....# #...####
#.##).#.#
#...##.###.##..#.# )
...............{@###....
..............)o{.......
>..........#...#####....
#...#..####.....# ..
......## #.......#
......# ##.....##
......# ##...## ......#
##.## ......# #.#


You could see an orc.

Vanquished Creatures
  A gnoll (D:1)
  An orc (D:2)
  3 bats (D:1)
  2 endoplasms (D:1)
  2 giant cockroaches (D:1)
  A hobgoblin (D:2)
  2 jackals (D:1)
  2 kobolds
  2 frilled lizards
  A rat (D:1)
17 creatures vanquished.

Vanquished Creatures (others)
  3 plants (D:1)
3 creatures vanquished.

Grand Total: 20 creatures vanquished

Notes
Turn   | Place    | Note
-------+----------+-------------------------------------------
     0 | D:1      | NateTC the Gargoyle Fighter began the quest for the Orb.
     0 | D:1      | Reached XP level 1. HP: 14/14 MP: 1/1
   155 | D:1      | Found a faded altar of an unknown god.
   194 | D:1      | Reached XP level 2. HP: 2/20 MP: 2/2
   468 | D:1      | Reached XP level 3. HP: 24/24 MP: 3/3
   612 | D:1      | Reached skill level 4 in Fighting
  1108 | D:2      | Killed from afar by an orc wizard

Illustrated notes

Levels and vault maps discovered:
D:1:      dpeg_arrival_prison, layout_basic,
          hellmonk_ecumenical_altar_arch_garden, nicolae_grassy_gnolls
D:2:      layout_loops_cross

Skill      XL: |  1  2  3 |
---------------+----------+-----
Fighting       | 4 |  4.0
Maces & Flails | |  2.0
Armour         | |  3.6
Shields        | |  3.7

Action                     || total
---------------------------++-------
  Melee: Flail             ||    67
    Use: Scroll            ||     3
 Armour: Scale mail        ||    60
  Dodge: Dodged            ||    40
  Block: Buckler           ||    14

Table legend: (Time is in decaauts)
 A = Elapsed time spent in this place.
 B = Non-inter-level travel time spent in this place.
 C = Inter-level travel time spent in this place.
 D = Time resting spent in this place.
 E = Time spent auto-exploring this place.
 F = Levels seen in this place.
 G = Mean time per level.
                   A        B        C        D        E       F      G
               +--------+--------+--------+--------+--------+-----+--------+
         Total |   1130 |   1014 |    116 |     76 |    755 |   2 |  565.0 |
       Dungeon |   1130 |   1014 |    116 |     76 |    755 |   2 |  565.0 |
               +--------+--------+--------+--------+--------+-----+--------+

Top non-repeatable levels by time:
     D:1: 969 daAuts
     D:2: 161 daAuts
